 Dungeon Crawl Stone Soup version 0.26-a0-597-gb535b0901c (webtiles) character file.

Game seed: 10597727907617945097

61446 HoaS the Warrior (level 15, -4/129 HPs)
             Began as a Formicid Fighter on Aug 28, 2020.
             Was the Champion of Makhleb.
             Slain by a +1 morningstar of chaos (12 damage)
             ... on level 10 of the Dungeon.
             The game lasted 00:54:02 (19820 turns).

HoaS the Warrior (Formicid Fighter)                Turns: 19820, Time: 00:54:03

Health: -4/129     AC:  0    Str: 26    XL:     15   Next: 42%
Magic:  14/15      EV: 13    Int:  9    God:    Makhleb [******]
Gold:   1880       SH:  0    Dex: 10    Spells: 14/14 levels left

rFire    . . .     SeeInvis .   (weapon currently unavailable)
rCold    . . .     Faith    +   (shield currently unavailable)
rNeg     . . .     Spirit   .   (armour currently unavailable)
rPois    .         Reflect  .   (helmet unavailable)
rElec    .         Harm     .   (cloak currently unavailable)
rCorr    .                      (gloves currently unavailable)
MR       +++..                  (boots currently unavailable)
Stlth    +.........             G - amulet of Xephucs {Faith +Fly MR++}
HPRegen  0.31/turn              (ring currently unavailable)
MPRegen  0.14/turn              (ring currently unavailable)

@: mighty, lethally poisoned (-4 -> -12), pig-form (expiring), very slightly
contaminated, invisible, very quick
A: small, permanent stasis, dig shafts and tunnels, four strong arms
a: Minor Destruction, Lesser Servant of Makhleb, Major Destruction, Greater
Servant of Makhleb, Renounce Religion, Evoke Flight


You were on level 10 of the Dungeon.
You worshipped Makhleb.
Makhleb was exalted by your worship.
You were a filthy swine.
You visited 3 branches of the dungeon, and saw 17 of its levels.
You also visited: Sewer, Ossuary, Bailey and Ice Cave.

You collected 1880 gold pieces.

Inventory:

Hand Weapons
 q - a +1 quarterstaff of draining
 w - a +6 lajatang of electrocution (melded)
Armour
 c - a +0 kite shield (melded)
 f - a +2 pair of boots (melded)
 i - a +2 pair of gloves (melded)
 x - a +2 cloak (melded)
 A - a +4 plate armour of cold resistance (melded)
 D - a +0 plate armour of poison resistance
Jewellery
 s - an uncursed ring of fire
 v - a +6 ring of dexterity (melded)
 B - the ring of the Louse (melded) {rN+ Str+2 Int+6}
   (You found it on level 9 of the Dungeon)

   [ring of intelligence]

   It affects your strength (+2).
   It affects your intelligence (+6).
   It protects you from negative energy.
 C - an uncursed ring of protection from fire
 G - the amulet of Xephucs (around neck) {Faith +Fly MR++}
   (You found it on level 8 of the Dungeon)

   [amulet of faith]

   It allows you to gain divine favour quickly.
   It affects your resistance to hostile enchantments.
   It lets you fly.
 M - an uncursed ring of positive energy
 N - an uncursed ring of ice
Wands
 b - a wand of flame (17)
 E - a wand of polymorph (11)
 I - a wand of paralysis (10)
 J - a wand of random effects (32)
 L - a wand of acid (1)
 O - a wand of enslavement (7)
 P - a wand of disintegration (23)
Scrolls
 g - 4 scrolls of identify
 j - 7 scrolls of remove curse
 k - 4 scrolls of magic mapping
 l - 3 scrolls of fog
 t - 2 scrolls of fear
 H - a scroll of enchant armour
Potions
 a - 2 potions of resistance {unknown}
 d - 3 potions of might
 e - 7 potions of stabbing
 h - 2 potions of lignification
 m - 6 potions of heal wounds
 n - 9 potions of curing
 o - 9 potions of ambrosia
 p - a potion of magic {unknown}
 r - 4 potions of mutation
 u - 3 potions of flight
 z - 2 potions of cancellation {unknown}
 F - a potion of berserk rage {unknown}
 K - 3 potions of invisibility {unknown}
Miscellaneous
 y - a lightning rod (4/4)


   Skills:
 * Level 15.0 Fighting
 * Level 14.8 Staves
 * Level 15.0 Armour
 + Level 10.1 Shields


You had 14 spell levels left.
You didn't know any spells.
Your spell library contained the following spells:

 Spells                   Type           Power        Failure   Level
 Beastly Appendage        Tmut           #.....       38%         1
 Corona                   Hex            #......      38%         1
 Magic Dart               Conj           #...         38%         1
 Summon Small Mammal      Summ           #...         38%         1
 Call Imp                 Summ           #.......     52%         2
 Poisonous Vapours        Pois/Air       #.....       52%         2
 Slow                     Hex            #.......     52%         2
 Wereblood                Tmut           #.......     52%         2
 Call Canine Familiar     Summ           #.......     77%         3
 Conjure Flame            Conj/Fire      #.......     77%         3
 Inner Flame              Hex/Fire       #.......     77%         3
 Mephitic Cloud           Conj/Pois/Air  #.......     77%         3
 Spider Form              Tmut/Pois      #.........   77%         3
 Summon Guardian Golem    Hex/Summ       #.......     77%         3
 Ice Form                 Ice/Tmut       #.......     99%         4
 Summon Ice Beast         Ice/Summ       #.......     99%         4
 Summon Lightning Spire   Summ/Air       #.......     99%         4
 Blade Hands              Tmut           #.........   100%        5
 Bolt of Magma            Conj/Fire/Erth #.........   100%        5
 Iskenderun's Battlesphe  Conj           #.......     100%        5
 Freezing Cloud           Conj/Ice/Air   #.........   100%        6
 Invisibility             Hex            #.......     100%        6
 Iron Shot                Conj/Erth      #.........   100%        6
 Orb of Destruction       Conj           #.........   100%        7
 Spellforged Servitor     Conj/Summ      #.........   100%        7
 Blink                    Tloc           Unusable     N/A         2

Dungeon Overview and Level Annotations

Branches:
Dungeon (10/15)            Temple (1/1) D:6            Lair (6/6) D:9
 Shoals (0/4) Lair:4        Snake (0/4) Lair:4        Slime (0/5) Lair:5
    Orc (0/2) D:10          Sewer (visited)         Ossuary (visited)
 Bailey (visited)           IceCv (visited)

Altars:
Ashenzari
Cheibriados
Dithmenos
Elyvilon
Fedhas
Gozag
Hepliaklqana
Kikubaaqudgha
Makhleb
Nemelex Xobeh
Okawaru
Qazlal
Ru
Sif Muna
Trog
Uskayaw
Vehumet
Wu Jian
Xom
Yredelemnul
Zin
The Shining One
Jiyva

Annotations:
D:10 kae's ghost, journeyman MiAK


Innate Abilities, Weirdness & Mutations

You cannot be hasted, slowed, berserked, paralysed or teleported.
You can dig through walls and to a lower floor.
Your four strong arms can wield two-handed weapons with a shield.
((You have a pair of large antennae on your head. (SInv)))


Message History

You feel much better.
You feel sick.
The +1 morningstar of chaos barely misses you.
You feel very mighty all of a sudden.
You feel sick.
The +1 morningstar of chaos completely misses you.
You miss the +1 morningstar of chaos.
The +1 morningstar of chaos is heavily damaged.
You feel sick. The +1 morningstar of chaos hits you!!
You fade into invisibility!
You are very lightly contaminated with residual magic.
You bite the +1 morningstar of chaos!
The +1 morningstar of chaos is severely damaged.
You feel sick. The +1 morningstar of chaos hits you!
* * * LOW HITPOINT WARNING * * *
The +1 morningstar of chaos burns you.
* * * LOW HITPOINT WARNING * * *
You feel much better.
You feel sick. The +1 morningstar of chaos hits you!!
* * * LOW HITPOINT WARNING * * *
You are electrocuted!
You die...

##..........#...#.........
#..........#...#.........
#.#'###.####..รท#........#
#.#.....#$##...#........#
######.#.....'_.#...#........#
#......#.....#.##...'........#
#......#....W########........#
#......#....(#...............#
#......#..###h................
#......#..#.............##'###
####...####.........[...#....#
#................)..)'.....
#........#######.....#.....
#........# #.....#.....
##........# #...)(......
#.##......# #....)......
####......# #......(..##


You could see a +1 morningstar of chaos and kae's ghost.

Vanquished Creatures
  Rupert (Lair:4)
  Gastronok (Lair:2)
  A frost giant (IceCv)
  Snorg (Lair:3)
  4 hydras
  2 catoblepae
  Urug (Lair:3)
  A deep troll shaman (Lair:6)
  13 death yaks
  An orange crystal statue (D:9)
  6 wizards (D:10)
  5 elephants
  4 black mambas
  An ice statue (IceCv)
  11 komodo dragons
  12 cane toads
  5 rime drakes
  2 trolls
  20 polar bears
  A queen bee (Lair:1)
  Prince Ribbit (Lair:3)
  18 blink frogs
  7 hippogriffs
  33 yaks
  3 basilisks
  A human (D:10)
  Grum (Lair:1)
  2 nagas (Lair:4)
  A warg (D:10)
  10 water moccasins
  10 porcupines
  Duvessa (D:6)
  A sky beast (D:10)
  8 ice beasts
  A black bear (D:10)
  4 orc warriors
  2 phantoms
  A necrophage (D:9)
  32 wolves
  9 crocodiles
  4 ogres
  2 centaurs
  16 bullfrogs
  8 gnoll sergeants (Bailey)
  Dowan (D:6)
  5 water moccasin zombies
  3 scorpions
  30 killer bees
  A howler monkey (D:5)
  A bullfrog zombie (D:10)
  A bullfrog skeleton (D:10)
  4 hounds
  10 orc priests
  6 gnoll shamans (Bailey)
  3 jellies
  16 orc wizards
  Crazy Yiuf (D:5)
  Jessica (D:2)
  7 worker ants
  3 iguanas
  A big kobold zombie (Ossuary)
  A hound zombie (D:6)
  2 hound skeletons
  A howler monkey zombie (D:2)
  3 mummies
  22 gnolls
  20 adders
  A howler monkey skeleton (D:7)
  4 river rats (Sewer)
  A shadow imp (D:8)
  2 white imps
  An ufetubus (D:10)
  2 oozes
  3 adder skeletons
  6 adder zombies
  4 worms
  2 leopard geckos
  46 orcs
  14 ball pythons
  A bat skeleton (D:2)
  2 bat zombies (D:2)
  11 giant cockroaches
  6 gnoll zombies (Ossuary)
  4 goblins
  2 hobgoblins (D:2)
  8 jackals (D:5)
  4 quokkas
  A ball python skeleton (D:2)
  6 bats
  5 frilled lizards
  A giant cockroach zombie (D:2)
  7 hobgoblin zombies (Ossuary)
  7 kobolds
  5 kobold zombies
  4 orc zombies
  27 rats
599 creatures vanquished.

Vanquished Creatures (others)
  A wolf (IceCv)
  25 fungi
  16 plants
42 creatures vanquished.

Grand Total: 641 creatures vanquished

Notes
Turn   | Place    | Note
-------+----------+-------------------------------------------
     0 | D:1      | HoaS the Formicid Fighter began the quest for the Orb.
     0 | D:1      | Reached XP level 1. HP: 18/18 MP: 1/1
   444 | D:1      | Reached XP level 2. HP: 22/24 MP: 2/2
   643 | D:2      | Reached XP level 3. HP: 20/29 MP: 1/3
   937 | D:2      | Reached XP level 4. HP: 31/35 MP: 4/4
  1023 | D:2      | Noticed Jessica
  1027 | D:2      | Killed Jessica
  1052 | D:2      | Reached XP level 5. HP: 41/41 MP: 5/5
  1249 | D:3      | Found a glowing drain.
  1263 | Sewer    | Entered a sewer
  1377 | Sewer    | Reached skill level 5 in Shields
  1539 | Sewer    | Reached XP level 6. HP: 42/47 MP: 6/6
  1621 | Sewer    | Reached skill level 5 in Staves
  1952 | D:3      | Reached XP level 7. HP: 52/52 MP: 7/7
  2592 | D:4      | Got a warped leather armour
  2593 | D:4      | Identified the cursed +0 leather armour of the Mackerel
                  | {rCorr Str+6 SInv Stlth+} (You found it on level 4 of the
                  | Dungeon)
  2915 | D:3      | HP: 2/52 [poisoned by a worker ant]
  2922 | D:3      | HP: 2/52 [poisoned by a worker ant]
  2930 | D:3      | HP: 1/52 [poisoned by a worker ant]
  3807 | D:5      | Entered Level 5 of the Dungeon
  3816 | D:5      | Reached XP level 8. HP: 58/58 MP: 8/8
  3982 | D:5      | Found a sand-covered staircase.
  4014 | Ossuary  | Entered an ossuary
  4790 | D:5      | Found a runed translucent door.
  4791 | D:5      | Noticed Crazy Yiuf
  4857 | D:5      | Killed Crazy Yiuf
  4949 | D:6      | Noticed Duvessa
  4980 | D:6      | Killed Duvessa
  4980 | D:6      | Reached XP level 9. HP: 64/64 MP: 9/9
  4991 | D:6      | Noticed Dowan
  5001 | D:6      | Killed Dowan
  5048 | D:6      | Found a sacrificial altar of Ru.
  5780 | D:6      | Found a staircase to the Ecumenical Temple.
  5830 | Temple   | Entered the Ecumenical Temple
  5992 | Temple   | Became a worshipper of Makhleb the Destroyer
  6222 | D:7      | Reached skill level 10 in Staves
  6997 | D:7      | Found a sacrificial altar of Ru.
  7137 | D:8      | Found a flagged portal.
  7166 | Bailey   | Entered a bailey
  7258 | Bailey   | Reached XP level 10. HP: 67/70 MP: 8/10
  7263 | Bailey   | Reached * piety under Makhleb
  8316 | D:8      | Got a warped crystal amulet
  8506 | D:8      | Identified the amulet of Xephucs {Faith +Fly MR++} (You
                  | found it on level 8 of the Dungeon)
  9038 | D:9      | Noticed an elephant
  9204 | D:9      | Noticed a death yak
  9221 | D:8      | Reached ** piety under Makhleb
  9238 | D:8      | Killed a death yak
  9307 | D:9      | Killed an elephant
  9337 | D:8      | Reached XP level 11. HP: 28/75 MP: 11/11
  9778 | D:9      | Found a staircase to the Lair.
  9936 | D:9      | Noticed an orange crystal statue
 10029 | D:9      | Identified the Compendium of Unstable Curses
 10356 | D:9      | Killed an orange crystal statue
 10363 | D:9      | Got a sparkling wooden ring
 10399 | D:8      | Identified the ring of the Louse {rN+ Str+2 Int+6} (You
                  | found it on level 9 of the Dungeon)
 10464 | D:10     | Entered Level 10 of the Dungeon
 10509 | D:10     | Reached skill level 5 in Fighting
 10509 | D:10     | Reached skill level 5 in Armour
 10515 | D:10     | Reached *** piety under Makhleb
 10607 | D:10     | Noticed a wizard
 10632 | D:10     | Killed a wizard
 10667 | D:10     | Noticed a wizard
 10675 | D:10     | Killed a wizard
 10725 | D:10     | Noticed a wizard
 10745 | D:10     | Killed a wizard
 10751 | D:10     | Noticed a wizard
 10759 | D:10     | Killed a wizard
 10956 | D:10     | Reached **** piety under Makhleb
 10978 | D:10     | Found a staircase to the Orcish Mines.
 11344 | D:10     | Found a runed translucent door.
 11345 | D:10     | Found a shimmering altar of Xom.
 11345 | D:10     | Noticed kae's ghost (journeyman MiAK)
 11346 | D:10     | Noticed a +1 morningstar of chaos
 11415 | D:10     | Reached XP level 12. HP: 91/91 MP: 12/12
 11554 | D:10     | Found the +3 warlock's mirror {reflect}
 11556 | D:10     | Noticed a wizard
 11565 | D:10     | Killed a wizard
 11752 | D:10     | Got an amber-encrusted chain mail
 11795 | D:10     | Identified the cursed +0 chain mail of Iquj {MR+ Stlth+}
                  | (You found it on level 10 of the Dungeon)
 11855 | Lair:1   | Entered Level 1 of the Lair of Beasts
 12103 | Lair:1   | Noticed Grum
 12132 | Lair:1   | Killed Grum
 12986 | Lair:1   | Reached ***** piety under Makhleb
 13489 | Lair:2   | Found a frozen archway.
 13533 | Lair:1   | Reached skill level 10 in Fighting
 13538 | Lair:1   | Reached skill level 10 in Armour
 13668 | IceCv    | Entered an ice cave
 13740 | IceCv    | Reached XP level 13. HP: 99/104 MP: 13/13
 14369 | IceCv    | Reached ****** piety under Makhleb
 14436 | IceCv    | Noticed a frost giant
 14467 | IceCv    | Killed a frost giant
 15108 | Lair:2   | Noticed a seven-headed hydra
 15123 | Lair:2   | Killed a seven-headed hydra
 15156 | Lair:2   | Noticed Gastronok
 15161 | Lair:2   | Noticed a four-headed hydra
 15196 | Lair:2   | Killed a four-headed hydra
 15219 | Lair:2   | Killed Gastronok
 15219 | Lair:2   | Reached XP level 14. HP: 109/118 MP: 14/14
 15973 | Lair:3   | Noticed Snorg
 15978 | Lair:3   | Noticed Urug
 15985 | Lair:3   | Killed Snorg
 15999 | Lair:3   | Killed Urug
 16202 | Lair:3   | Got an agate-studded scale mail
 16203 | Lair:3   | Identified the +1 scale mail of Byenlyva {rPois Regen+}
                  | (You found it on level 3 of the Lair of Beasts)
 16455 | Lair:3   | Noticed Prince Ribbit
 16468 | Lair:3   | Killed Prince Ribbit
 16710 | Lair:3   | Got a fine silver amulet
 16780 | Lair:3   | Identified a scroll of acquirement
 16780 | Lair:3   | Acquired a +2 lajatang of electrocution
 16786 | Lair:3   | Identified the amulet "Annawas" {Reflect *Drain +Inv rPois
                  | rC+ SH+5} (You found it on level 3 of the Lair of Beasts)
 17064 | Lair:4   | Found a staircase to the Snake Pit.
 17415 | Lair:4   | Noticed Rupert
 17431 | Lair:4   | Killed Rupert
 17462 | Lair:4   | Found a staircase to the Shoals.
 18505 | Lair:5   | Found a viscous altar of Jiyva.
 18505 | Lair:5   | Found a staircase to the Slime Pits.
 18602 | Lair:6   | Entered Level 6 of the Lair of Beasts
 18648 | Lair:6   | Reached XP level 15. HP: 127/127 MP: 15/15
 19340 | Lair:6   | Reached skill level 10 in Shields
 19418 | Lair:6   | Reached skill level 15 in Fighting
 19418 | Lair:6   | Reached skill level 15 in Armour
 19820 | D:10     | Slain by a +1 morningstar of chaos

Illustrated notes

Levels and vault maps discovered:
D:1:      psy_arrival_dodecagon, layout_basic, skrybe_limestone_x
D:2:      layout_rooms, serial_undead, serial_undead_d, serial_undead_d,
          serial_undead_d, serial_undead_a, uniq_jessica
D:3:      layout_loops_ring, cheibrodos_sewer_entry_drain
D:4:      layout_basic, minmay_distorted
D:5:      layout_basic, nicolae_ossuary_entry_giza, uniq_crazy_yiuf_cottage
D:6:      layout_basic, lemuel_temple_firewalk_b,
          nicolae_ru_the_path_less_chosen, uniq_duvessa
D:7:      layout_basic, kennysheep_mini_moat
D:8:      layout_loops_ring, enter_bailey_8
D:9:      layout_loops_ring, david_lair_generic, hex_medium,
          minmay_variable_closet, minivault_15
D:10:     minmay_smoke_and_mirrors, layout_irregular_city, erik_orc_4,
          ebering_ghost_xom, hangedman_abyss_or_decor_slice,
          hangedman_decor_clover_reticule, chequers_serial_rivers_micro_d
Temple:   kilobyte_greek_temple
Lair:1:   layout_hall_layers, beast_lair_carwin_6, uniq_grum
Lair:2:   layout_small_grid, portal_ice_cave_entry_ice_beasts, special_room
          [special_room_bee], chequers_serial_rivers_marsh, uniq_gastronok
Lair:3:   cheibrodos_lair_river_kwai, layout_chaotic_city,
          infiniplex_staircase_pool_2, uniq_snorg, uniq_prince_ribbit2,
          uniq_urug
Lair:4:   layout_cave_shapes, elwin_shoals_entry_rocks,
          guppyfry_snake_entry_island, uniq_rupert
Lair:5:   layout_cave_pods, dpeg_slime_entry_enclosed_altar,
          serial_bayou_shore_b
Lair:6:   grunt_lair_end_beastmaster, layout_long_grid

Skill      XL: |  1  2  3  4  5  6  7  8  9 10 11 12 13 14 15 |
---------------+----------------------------------------------+-----
Shields        | 4 5 6 8 9 10 | 10.1
Staves         | 3 4 5 7 9 11 13 14 | 14.8
Fighting       | 7 10 13 14 15 | 15.0
Armour         | 7 10 13 14 15 | 15.0

Action                   |  1- 3 |  4- 6 |  7- 9 | 10-12 | 13-15 || total
-------------------------+-------+-------+-------+-------+-------++-------
Melee: Quarterstaff      |    71 |   210 |   560 |  1089 |   547 ||  2477
       Lajatang          |       |       |       |       |   290 ||   290
       Unarmed           |       |       |       |       |    10 ||    10
 Abil: Dig               |       |     4 |     2 |    18 |    11 ||    35
Evoke: Lightning rod     |       |       |       |     1 |       ||     1
       Wand              |       |       |       |       |     9 ||     9
  Use: Scroll            |     5 |     5 |    12 |     9 |    14 ||    45
       Potion            |       |       |     2 |     2 |     4 ||     8
Armor: Plate armour      |    99 |   152 |   202 |   398 |   307 ||  1158
Dodge: Dodged            |    16 |    42 |    84 |   195 |   133 ||   470
Block: Kite shield       |    65 |   134 |   255 |   475 |   369 ||  1298

Table legend: (Time is in decaauts)
 A = Elapsed time spent in this place.
 B = Non-inter-level travel time spent in this place.
 C = Inter-level travel time spent in this place.
 D = Time resting spent in this place.
 E = Time spent auto-exploring this place.
 F = Levels seen in this place.
 G = Mean time per level.
                   A        B        C        D        E       F      G
               +--------+--------+--------+--------+--------+-----+--------+
         Total |  19116 |  17914 |   1202 |   3109 |   9733 |  21 |  910.3 |
       Dungeon |   9558 |   8754 |    804 |   1601 |   5063 |  10 |  955.8 |
        Temple |    200 |    152 |     48 |      0 |    130 |   1 |  200.0 |
          Lair |   6423 |   6074 |    349 |    821 |   3789 |   6 | 1070.5 |
         Sewer |    755 |    755 |      0 |    257 |    174 |   1 |  755.0 |
       Ossuary |    309 |    309 |      0 |     60 |     21 |   1 |  309.0 |
        Bailey |    892 |    892 |      0 |    122 |    228 |   1 |  892.0 |
      Ice Cave |    977 |    977 |      0 |    248 |    327 |   1 |  977.0 |
               +--------+--------+--------+--------+--------+-----+--------+

Top non-repeatable levels by time:
  Lair:1: 1619 daAuts
     D:3: 1403 daAuts
     D:8: 1371 daAuts
    D:10: 1323 daAuts
  Lair:3: 1134 daAuts
  Lair:2: 1053 daAuts
     D:7: 1041 daAuts
     D:6: 1024 daAuts
   IceCv: 977 daAuts
  Lair:6: 967 daAuts
  Bailey: 892 daAuts
  Lair:5: 883 daAuts
     D:9: 857 daAuts
     D:5: 777 daAuts
  Lair:4: 765 daAuts
